 Dungeon Crawl Stone Soup version 0.17.1-3-g152610e (webtiles) character file.

496 Peloso the Shield-Bearer (level 6, 0/56 HPs)
             Began as a Minotaur Fighter on Mar 5, 2016.
             Was an Initiate of Okawaru.
             Killed from afar by Sanvar's ghost (21 damage)
             ... with a bolt of negative energy
             ... on level 4 of the Dungeon.
             The game lasted 00:10:20 (3045 turns).

Peloso the Shield-Bearer (Minotaur Fighter)         Turns: 3045, Time: 00:10:20

Health: 0/56       AC:  7    Str: 20    XL:     6   Next: 93%
Magic:  5/5        EV:  6    Int:  5    God:    Okawaru [......]
Gold:   136        SH:  8    Dex: 12    Spells: 0 memorised, 5 levels left

rFire  . . .     SeeInvis .     a - +0 long sword
rCold  . . .     Clarity  .     b - +0 scale mail
rNeg   . . .     SustAt   .     c - +0 shield
rPois  .         Gourm    .     (helmet restricted)
rElec  .         Spirit   .     (no cloak)
rCorr  .         Warding  .     (no gloves)
rMut   .         Stasis   .     h - +0 pair of boots
MR     .....                    y - amulet of regeneration
Stlth  ..........               (no ring)
                                (no ring)

@: very heavily drained, not resistant to hostile enchantments, extremely
unstealthy
A: retaliatory headbutt, horns 2
a: Renounce Religion


You were on level 4 of the Dungeon.
You worshipped Okawaru.
Okawaru was noncommittal.
You were very hungry.

You visited 2 branches of the dungeon, and saw 5 of its levels.

You collected 136 gold pieces.

Inventory:

Hand Weapons
 a - a +0 long sword (weapon)
Armour
 b - a +0 scale mail (worn)
 c - a +0 shield (worn)
 h - a +0 pair of boots (worn)
Jewellery
 y - an amulet of regeneration (around neck)
Scrolls
 j - a scroll of teleportation
 l - 2 scrolls of recharging
 q - a scroll of remove curse
 t - a scroll of magic mapping {unknown}
 w - a scroll of fear {unknown}
 x - a scroll of enchant weapon {unknown}
Potions
 f - 4 potions of curing
 m - a potion of lignification
 n - 2 potions of brilliance {unknown}
 o - a potion of cancellation {unknown}
 p - a potion of haste {unknown}
 v - 2 potions of magic {unknown}
 z - a potion of poison {unknown}
 A - a potion of degeneration {unknown}
Comestibles
 e - 2 bread rations
 g - 3 meat rations
 r - a royal jelly
 u - 2 beef jerkies


   Skills:
 + Level 5.1(1.2) Fighting
 + Level 3.9(0.1) Long Blades
 + Level 5.5(1.5) Armour
 + Level 3.0(0.0) Dodging
 + Level 0.3(0.0) Stealth
 + Level 5.7(1.7) Shields


You had 5 spell levels left.
You didn't know any spells.

Dungeon Overview and Level Annotations

Branches:
Dungeon (4/15)             Temple (1/1) D:4

Altars:
Cheibriados
Dithmenos
Nemelex Xobeh
Okawaru
Qazlal
Sif Muna
Trog
Xom
Yredelemnul
Zin
The Shining One

Annotations:
D:4 Sanvar's ghost, novice DrMo


Innate Abilities, Weirdness & Mutations

You reflexively headbutt those who attack you in melee.
You have a pair of horns on your head.


Message History

There is a staircase back to the Dungeon here.
You start resting.
You are feeling very hungry.
You start resting.
HP restored.
You climb upwards.
Welcome back to the Dungeon!
Level annotation: Sanvar's ghost, novice DrMo
There is a staircase to the Ecumenical Temple here.
You block Sanvar's ghost's attack.
Your shield and scale mail prevent you from hitting Sanvar's ghost.
Sanvar's ghost breathes negative energy at you.
The bolt of negative energy hits you!
You feel drained.
Ouch! That really hurt!
You barely miss Sanvar's ghost.
Sanvar's ghost breathes negative energy at you.
The bolt of negative energy hits you!
You feel drained.
You barely miss Sanvar's ghost. Sanvar's ghost hits you.
Sanvar's ghost breathes negative energy at you.
The bolt of negative energy hits you!
You feel drained.
You die...

#.#.....# #.# # #.(...# #.#
#.....# #.# #.....## #.# ####...#
#.# #.⌠.# #.# .... ####...###.#
....# #..........# .....
#.⌠.[>@W⌠..# ..... #..........#
....[ ####...###.# ..... ####
#.⌠.# #.# .....####..###...###.#
....h..))....##....#.############
.......##.h..####..#.............
.......##....# #..###########.##
#......##....#####.## #.#


You could see Sanvar's ghost.

Vanquished Creatures
  Grinder (D:3)
  The ghost of jesusflecha the Shield-Bearer, an amateur TrFi (D:3)
  2 hounds
  An orc priest (Temple)
  An orc wizard (Temple)
  4 adders
  An ooze (D:1)
  2 giant geckos
  3 orcs
  2 giant cockroaches
  7 goblins
  10 hobgoblins
  A quokka (D:4)
  3 bats
  4 giant newts
  6 kobolds
  5 rats
54 creatures vanquished.

Vanquished Creatures (others)
  An orc wizard (D:4)
  An orc (D:4)
2 creatures vanquished.

Grand Total: 56 creatures vanquished

Notes
Turn   | Place    | Note
--------------------------------------------------------------
     0 | D:1      | Peloso the Minotaur Fighter began the quest for the Orb.
     0 | D:1      | Reached XP level 1. HP: 19/19 MP: 0/0
   247 | D:1      | Reached skill level 4 in Shields
   250 | D:1      | Reached XP level 2. HP: 27/27 MP: 1/1
   938 | D:2      | Reached XP level 3. HP: 31/33 MP: 2/2
  1073 | D:2      | Found a sparkling altar of Nemelex Xobeh.
  1536 | D:3      | Reached skill level 1 in Dodging
  1597 | D:3      | Reached XP level 4. HP: 40/40 MP: 3/3
  1645 | D:3      | Noticed jesusflecha's ghost (amateur TrFi)
  1650 | D:3      | Killed jesusflecha's ghost
  1650 | D:3      | Reached XP level 5. HP: 36/47 MP: 4/4
  1671 | D:3      | Found a faded altar to an unknown god.
  1729 | D:3      | Noticed Grinder
  1734 | D:3      | Paralysed by Grinder for 4 turns
  1932 | D:3      | Paralysed by Grinder for 4 turns
  1998 | D:3      | Paralysed by Grinder for 3 turns
  2002 | D:3      | Paralysed by Grinder for 2 turns
  2012 | D:3      | Killed Grinder
  2012 | D:3      | Reached skill level 5 in Fighting
  2012 | D:3      | Reached skill level 5 in Armour
  2012 | D:3      | Reached skill level 5 in Shields
  2012 | D:3      | Reached XP level 6. HP: 54/56 MP: 5/5
  2202 | D:4      | Found a staircase to the Ecumenical Temple.
  2265 | D:4      | Found a snail-covered altar of Cheibriados.
  2293 | Temple   | Entered the Ecumenical Temple
  2301 | Temple   | Became a worshipper of Warmaster Okawaru
  2375 | D:4      | Noticed Sanvar's ghost (novice DrMo)
  3045 | D:4      | Killed from afar by Sanvar's ghost

Action                   |  1- 3 |  4- 6 || total
-------------------------+-------+-------++-------
Melee: Long sword        |    71 |   100 ||   171
  Use: Potion            |       |     1 ||     1
       Scroll            |       |     8 ||     8
  Eat: Chunk             |     2 |     5 ||     7
